 Dungeon Crawl Stone Soup version 0.25-a0-1119-g28b6fd0c3b (webtiles) character file.

Game seed: 14421252380913312577, levelgen mode: deterministic

110647 Gwenloh the Impaler (level 16, -16/127 HPs)
             Began as a Merfolk Gladiator on May 18, 2020.
             Was an Elder of Fedhas.
             Killed by an exploding ballistomycete spore (30 damage)
             ... created by a ballistomycete
             ... summoned by the player character
             ... set off by their pet
             ... on level 2 of the Shoals.
             The game lasted 03:06:21 (39623 turns).

Gwenloh the Impaler (Merfolk Gladiator)            Turns: 39623, Time: 03:06:23

Health: -16/127    AC: 17    Str: 14    XL:     16   Next: 55%
Magic:  13/27      EV: 24    Int:  9    God:    Fedhas [****..]
Gold:   213        SH:  0    Dex: 21    Spells: 15/15 levels left

rFire    . . .     SeeInvis +   a - +7 demon trident
rCold    . . .     Gourm    .   s - +0 buckler
rNeg     . . .     Faith    .   x - +4 ring mail
rPois    .         Spirit   .   c - +0 helmet
rElec    .         Reflect  +   O - +1 cloak
rCorr    .         Harm     .   e - +1 pair of gloves
MR       +....                  G - +1 pair of boots
Stlth    ..........             H - amulet of reflection
HPRegen  0.31/turn              M - ring of see invisible
MPRegen  0.20/turn              z - +4 ring of slaying

@: confused
A: change form in water, swift swim, stealthy swim
a: Wall of Briars, Grow Ballistomycete, Overgrow, Renounce Religion


You were on level 2 of the Shoals.
You worshipped Fedhas.
Fedhas was greatly pleased with you.
You were very hungry.

You visited 5 branches of the dungeon, and saw 27 of its levels.

You collected 2548 gold pieces.
You spent 2335 gold pieces at shops.

Inventory:

Hand Weapons
 a - a +7 demon trident (weapon)
 D - a +2 demon trident of venom
Missiles
 b - a throwing net
 h - 9 boomerangs (quivered)
 k - 33 poisoned darts
 B - 10 silver boomerangs
 V - 18 silver javelins
 W - 2 curare-tipped darts
Armour
 c - a +0 helmet (worn)
 e - a +1 pair of gloves (worn)
 s - a +0 buckler (worn)
 x - a +4 ring mail (worn)
 G - a +1 pair of boots (worn)
 O - a +1 cloak (worn)
 Y - a +0 tower shield
Jewellery
 d - an uncursed ring of fire
 i - an uncursed amulet of guardian spirit
 z - a +4 ring of slaying (right hand)
 H - an amulet of reflection (around neck)
 J - an uncursed ring of fire
 K - an uncursed ring of flight
 M - a ring of see invisible (left hand)
Wands
 l - a wand of enslavement (22)
 Q - a wand of clouds (4)
 R - a wand of polymorph (26)
 Z - a wand of paralysis (9)
Scrolls
 g - 10 scrolls of amnesia
 n - 8 scrolls of magic mapping
 r - 3 scrolls of teleportation
 t - 3 scrolls of fear
 w - 8 scrolls of fog
 y - 9 scrolls of remove curse
 A - a scroll of acquirement
 P - 3 scrolls of blinking
 U - a scroll of enchant armour
 X - a scroll of summoning
Potions
 j - 3 potions of curing
 o - 2 potions of ambrosia
 p - 9 potions of stabbing
 q - a potion of magic
 u - a potion of lignification
 v - 2 potions of cancellation
 C - 4 potions of brilliance
 E - 2 potions of flight
 F - a potion of might
 I - 2 potions of mutation
 N - 2 potions of resistance
 S - 3 potions of haste
Miscellaneous
 T - a tin of tremorstones (3/3)
Comestibles
 f - 32 rations
 m - 13 chunks of flesh


   Skills:
 + Level 11.6 Fighting
 * Level 19.7 Polearms
 + Level 10.8 Throwing
 - Level 2.9 Armour
 - Level 16.8 Dodging
 * Level 4.7 Shields
 * Level 14.7 Invocations
 + Level 4.1 Evocations


You had 15 spell levels left.
You didn't know any spells.
Your spell library contained the following spells:

 Spells                   Type           Power        Failure   Level  Hunger
 Animate Skeleton         Necr           N/A          63%         1    ##.....
 Corona                   Hex            #......      63%         1    ##.....
 Pain                     Necr           #...         63%         1    ##.....
 Sandblast                Erth           #.....       63%         1    ##.....
 Passwall                 Tmut/Erth      #.......     77%         2    ###....
 Slow                     Hex            #.......     77%         2    ###....
 Ignite Poison            Fire/Tmut/Pois #.......     94%         3    ####...
 Inner Flame              Hex/Fire       #.......     94%         3    ####...
 Portal Projectile        Hex/Tloc       #.....       94%         3    ####...
 Stone Arrow              Conj/Erth      #.....       94%         3    ####...
 Vampiric Draining        Necr           #.........   94%         3    ####...
 Animate Dead             Necr           N/A          100%        4    #####..
 Cause Fear               Hex            #.........   100%        4    #####..
 Ice Form                 Ice/Tmut       #.......     100%        4    #####..
 Leda's Liquefaction      Hex/Erth       #.........   100%        4    #####..
 Petrify                  Tmut/Erth      #.......     100%        4    #####..
 Agony                    Necr           #.......     100%        5    ######.
 Fireball                 Conj/Fire      #.........   100%        5    ######.
 Lee's Rapid Deconstruct  Erth           #.........   100%        5    ######.
 Metabolic Englaciation   Hex/Ice        #.........   100%        5    ######.
 Freezing Cloud           Conj/Ice/Air   #.........   100%        6    #######
 Ozocubu's Refrigeration  Ice            #.........   100%        6    #######
 Simulacrum               Ice/Necr       #.........   100%        6    #######
 Starburst                Conj/Fire      #.........   100%        6    #######
 Ring of Flames           Chrm/Fire      #.........   100%        7    #######
 Ignition                 Fire           #.........   100%        8    #######


Dungeon Overview and Level Annotations

Branches:
Dungeon (15/15)            Temple (1/1) D:5            Lair (6/6) D:9
 Shoals (3/4) Lair:2       Spider (0/4) Lair:3        Slime (0/5) Lair:6
    Orc (2/2) D:11            Elf (0/3) Orc:2        Vaults (0/5) D:13
 Depths (0/5) D:15

Altars:
Ashenzari
Cheibriados
Dithmenos
Elyvilon
Fedhas
Gozag
Hepliaklqana
Kikubaaqudgha
Makhleb
Nemelex Xobeh
Okawaru
Qazlal
Ru
Sif Muna
Trog
Uskayaw
Vehumet
Wu Jian
Xom
Yredelemnul
Zin
The Shining One
Beogh

Shops:
D:5 !   D:6 (   D:12 =   D:14 %   Orc:2 (?:[   Shoals:2 =

Annotations:
Shoals:1 Roxanne
Shoals:2 1 transporter, vurker's ghost, adept VSAs


Message History

Your burning bush throws fire at vurker's ghost.
The puff of flame misses vurker's ghost.
The puff of flame hits the cyclops!!
The cyclops dies!
Fedhas accepts your kill.
You can now transform dungeon walls and trees into plant allies.
Your oklob sapling spits acid at vurker's ghost.
The splash of acid hits vurker's ghost but does no damage.
You feel better. Vurker's ghost hits you!
* * * LOW HITPOINT WARNING * * *
Vurker's ghost misses you.
A ballistomycete spore comes into view.
Vurker's ghost hits you!!
* * * LOW HITPOINT WARNING * * *
Your ballistomycete spore explodes!
Fedhas protects your plant from harm. The explosion of spores engulfs you!!
You are confused.
You die...
Fedhas appreciates your contribution to the ecosystem.

≈≈≈≈...≈...........≈≈≈≈≈≈≈≈≈≈≈
≈≈≈≈≈≈≈≈.........≈≈≈≈≈≈≈≈≈≈≈≈≈
≈≈≈..≈≈......)..©≈≈≈≈≈≈≈≈≈≈≈.≈
≈≈....≈≈......#####...≈≈..≈...
≈.....≈.....###P©.###.........
..# #....≈.##.P.P((###...##....
.## #....≈.#...PPPP..#≈.## ...
#####.^...##..P.W§#..##.# ....
##......≈.#?)...@.##..#.###....
#≈.....≈≈.#..##:m)....#.....#
.♣♣...≈≈≈≈#..#≈!?"##..#....##
.♣♣♣..≈≈≈≈##.##(.#§#.##....#### ≈
♣♣.♣≈≈≈≈≈≈.####..#####........#.≈
...♣≈≈≈≈≈≈.##.....# ##..........≈
♣♣..≈≈≈≈≈≈..###.©.###..........≈≈
≈♣...≈≈≈≈....≈#####..........≈≈≈≈
≈≈#..≈≈≈........©........÷...≈≈≈≈


You could see a merfolk impaler (confused), vurker's ghost, a friendly burning
bush (summoned), a friendly ballistomycete (summoned) and 2 friendly oklob
saplings.

Vanquished Creatures
  Frances (Shoals:1)
  A frost giant (Shoals:1)
  Louise (Shoals:1)
  A stone giant (Shoals:1)
  A dire elephant (D:15)
  A merfolk javelineer (Shoals:1)
  4 merfolk impalers
  A great orb of eyes (D:15)
  A fire dragon (Lair:6)
  Josephine (Lair:4)
  Erolcha (Orc:2)
  A catoblepas (Lair:5)
  6 hydras
  An alligator snapping turtle (Shoals:1)
  4 centaur warriors
  3 ogre magi (Orc:2)
  2 merfolk avatars (Shoals:2)
  Erica (D:8)
  2 merfolk aquamancers
  An orc high priest (Orc:1)
  7 death yaks
  A two-headed ogre (D:14)
  2 tengu warriors
  Urug (Lair:5)
  Nergalle (Orc:2)
  An unseen horror (D:13)
  8 skeletal warriors
  2 sea snakes
  2 wizards
  A lindwurm (Lair:6)
  2 orc knights
  9 orc sorcerers
  9 cyclopes
  2 deep elf magi (D:14)
  3 ugly things
  3 harpies (Shoals:2)
  4 manticores
  4 fauns (Shoals:1)
  A salamander (D:15)
  4 merfolk sirens
  A water nymph (Shoals:1)
  3 molten gargoyles (Lair:6)
  7 black mambas
  A gargoyle (D:15)
  7 spiny frogs
  11 komodo dragons
  4 rime drakes
  A freezing wraith (D:13)
  10 merfolk
  A tengu conjurer (D:13)
  A wind drake (Shoals:2)
  11 trolls
  3 polar bears
  2 hornets
  4 slime creatures (D:12)
  14 blink frogs
  19 hippogriffs
  A shadow (D:14)
  2 snapping turtles
  Sigmund (D:5)
  9 water elementals
  A spriggan (Lair:4)
  4 wraiths
  3 vampires
  6 wyverns
  44 yaks
  3 basilisks
  Grum (D:8)
  A hungry ghost (D:14)
  A warg (Orc:1)
  10 vampire mosquitoes
  5 hell hounds (Lair:6)
  An acid dragon (D:13)
  9 water moccasins
  33 orc warriors
  12 porcupines
  An ice beast (D:10)
  4 black bears
  4 sky beasts
  4 phantoms
  4 eyes of draining
  12 ogres
  12 wolves
  11 centaurs
  12 crocodiles
  A big kobold (D:7)
  22 bullfrogs
  A wyvern zombie (D:11)
  3 scorpions
  A wyvern skeleton (D:13)
  6 killer bees
  8 wights
  2 vampire bats (D:4)
  5 howler monkeys
  5 lava snakes (Lair:6)
  4 crimson imps
  3 centaur zombies
  39 orc wizards
  A quasit (D:10)
  A bullfrog skeleton (D:13)
  4 hounds
  9 jellies
  8 orc priests
  3 centaur skeletons
  2 iguanas
  Natasha (thrice) (D:3)
  12 worker ants
  A hound zombie (D:11)
  A hound skeleton (D:7)
  2 worker ant zombies
  5 gnolls
  5 adders
  5 shadow imps
  2 oozes
  An adder skeleton (D:4)
  2 worms
  12 leopard geckos
  86 orcs
  10 bats
  3 bat skeletons (D:4)
  2 bat zombies (D:4)
  5 giant cockroaches
  13 goblins
  10 hobgoblins
  14 jackals
  12 kobolds
  6 quokkas
  4 frilled lizards
  A leopard gecko skeleton (D:4)
  8 rats
  3 ballistomycete spores
769 creatures vanquished.

Vanquished Creatures (collateral kills)
  A merfolk javelineer (Shoals:2)
  A death knight (D:13)
  A death yak (Lair:5)
  A cyclops (Shoals:2)
  A moth of wrath (Shoals:2)
  A freezing wraith (D:13)
  A tengu conjurer (D:14)
  3 blink frogs (Lair:4)
  2 yaks (Lair:4)
  2 orc priests
  2 orc wizards (Orc:2)
  7 orcs
  2 kobolds (D:7)
  66 ballistomycete spores
91 creatures vanquished.

Vanquished Creatures (others)
  An ogre (Orc:2)
  An orc wizard (Orc:2)
  A kobold (D:7)
  4 ballistomycete spores
  48 fungi
  53 plants
  4 tentacles (Shoals:1)
112 creatures vanquished.

Grand Total: 972 creatures vanquished

Notes
Turn   | Place    | Note
-------+----------+-------------------------------------------
     0 | D:1      | Gwenloh the Merfolk Gladiator began the quest for the Orb.
     0 | D:1      | Reached XP level 1. HP: 16/16 MP: 1/1
   338 | D:1      | Reached XP level 2. HP: 22/22 MP: 2/2
   625 | D:1      | Reached skill level 5 in Polearms
  1013 | D:2      | Reached XP level 3. HP: 28/28 MP: 3/3
  1110 | D:2      | Found a snail-covered altar of Cheibriados.
  1386 | D:2      | Reached XP level 4. HP: 34/34 MP: 4/4
  1391 | D:2      | Found a burning altar of Makhleb.
  1393 | D:2      | Noticed a balrug
  1397 | D:2      | Noticed a ynoxinul
  1397 | D:2      | Noticed an orange demon
  1620 | D:3      | Noticed Natasha
  1632 | D:3      | Killed Natasha
  1632 | D:3      | Reached skill level 5 in Dodging
  1944 | D:3      | Noticed Natasha
  1967 | D:3      | Killed Natasha
  1967 | D:3      | Reached XP level 5. HP: 28/41 MP: 3/5
  2188 | D:3      | Noticed Natasha
  2195 | D:3      | Killed Natasha
  2195 | D:3      | Reached skill level 6 in Polearms
  2543 | D:3      | Noticed an eye of draining
  2543 | D:3      | Noticed an eye of draining
  2544 | D:3      | Found a bloodstained altar of Trog.
  2554 | D:3      | Killed an eye of draining
  2554 | D:3      | Reached XP level 6. HP: 47/47 MP: 0/6
  2566 | D:3      | Killed an eye of draining
  2679 | D:3      | Reached skill level 7 in Polearms
  2951 | D:4      | Reached XP level 7. HP: 53/53 MP: 7/7
  3283 | D:4      | Found an ancient bone altar of Kikubaaqudgha.
  3489 | D:4      | Found an opulent altar of Gozag.
  3490 | D:4      | Found a glowing silver altar of Zin.
  3568 | D:4      | Found a shadowy altar of Dithmenos.
  3597 | D:4      | Found a stormy altar of Qazlal.
  3623 | D:4      | Reached skill level 8 in Polearms
  3899 | D:4      | Found an ornate altar of the Wu Jian Council.
  4164 | D:4      | Found a shimmering blue altar of Sif Muna.
  4217 | D:5      | Entered Level 5 of the Dungeon
  4228 | D:5      | Reached XP level 8. HP: 61/61 MP: 8/8
  4268 | D:5      | Noticed Sigmund
  4304 | D:5      | Killed Sigmund
  4494 | D:5      | Found Fyasoe's Distillery.
  4512 | D:5      | Bought a potion of heal wounds for 70 gold pieces
  4517 | D:5      | Found a staircase to the Ecumenical Temple.
  4526 | Temple   | Entered the Ecumenical Temple
  4597 | Temple   | Became a worshipper of Fedhas Madash
  4618 | D:5      | Reached skill level 9 in Polearms
  5126 | D:5      | Reached skill level 1 in Invocations
  5412 | D:6      | Reached * piety under Fedhas
  5522 | D:6      | Found Xuxiv's Weapon Boutique.
  5876 | D:7      | Reached skill level 5 in Fighting
  5960 | D:7      | Found a sacrificial altar of Ru.
  6000 | D:7      | Reached XP level 9. HP: 58/68 MP: 10/10
  6337 | D:7      | Reached skill level 10 in Polearms
  6383 | D:7      | Reached skill level 5 in Throwing
  6607 | D:7      | Found a shattered altar of Ashenzari.
  6640 | D:7      | Reached ** piety under Fedhas
  6895 | D:8      | Found a blossoming altar of Fedhas.
  7058 | D:8      | Found a sparkling altar of Nemelex Xobeh.
  7174 | D:8      | Noticed Grum
  7225 | D:8      | Killed Grum
  7225 | D:8      | Reached skill level 10 in Dodging
  7466 | D:8      | Noticed Erica
  7494 | D:8      | Killed Erica
  7494 | D:8      | Reached skill level 11 in Polearms
  7494 | D:8      | Reached skill level 5 in Invocations
  7494 | D:8      | Reached XP level 10. HP: 51/76 MP: 7/13
  8173 | D:9      | Found a white marble altar of Elyvilon.
  8824 | D:9      | Found a staircase to the Lair.
  9069 | D:9      | Reached skill level 12 in Polearms
  9120 | D:9      | Noticed a skeletal warrior
  9121 | D:9      | Noticed a skeletal warrior
  9159 | D:8      | Killed a skeletal warrior
  9386 | D:9      | Noticed a skeletal warrior
  9388 | D:9      | Noticed a skeletal warrior
  9648 | D:8      | Killed a skeletal warrior
 10760 | Lair:1   | Entered Level 1 of the Lair of Beasts
 10771 | Lair:1   | Got a pitted halberd
 10972 | Lair:1   | Identified the cursed +1 halberd "Zeffumum" {vorpal, Dex+3}
                  | (You found it on level 1 of the Lair of Beasts)
 11236 | D:9      | Reached XP level 11. HP: 75/84 MP: 13/16
 11494 | D:9      | Reached *** piety under Fedhas
 11736 | Lair:1   | Reached skill level 13 in Polearms
 13123 | Lair:2   | You fall into a shaft and drop 1 floor!
 13315 | Lair:2   | Found a staircase to the Shoals.
 13638 | Lair:2   | Noticed a four-headed hydra
 13673 | Lair:2   | Killed a four-headed hydra
 13673 | Lair:2   | Reached skill level 14 in Polearms
 13872 | Lair:2   | Noticed a five-headed hydra
 13943 | Lair:2   | Reached XP level 12. HP: 92/92 MP: 18/18
 14124 | Lair:2   | Killed a five-headed hydra
 15036 | Lair:3   | Found a hole to the Spider Nest.
 15184 | Lair:3   | Noticed a six-headed hydra
 15189 | Lair:3   | Killed a six-headed hydra
 15440 | Lair:3   | Reached **** piety under Fedhas
 15492 | Lair:3   | Noticed a six-headed hydra
 15507 | Lair:3   | Killed a six-headed hydra
 15739 | Lair:3   | Reached skill level 10 in Invocations
 16129 | Lair:4   | Reached skill level 15 in Polearms
 16767 | Lair:4   | Reached XP level 13. HP: 87/100 MP: 16/20
 16905 | Lair:4   | Noticed Josephine
 17133 | Lair:4   | Killed Josephine
 17969 | D:10     | Entered Level 10 of the Dungeon
 18061 | D:10     | Paralysed by a hornet for 1 turns
 19311 | D:10     | Reached skill level 16 in Polearms
 19744 | Lair:5   | Reached skill level 15 in Dodging
 20661 | Lair:5   | Noticed Urug
 20671 | Lair:5   | Killed Urug
 20878 | Lair:5   | Found the +2 ratskin cloak {+Rats rPois rN+ Str-1 Int-1
                  | Dex+1}
 21548 | Lair:6   | Entered Level 6 of the Lair of Beasts
 21851 | Lair:6   | Reached XP level 14. HP: 42/109 MP: 3/22
 22455 | Lair:6   | Found a staircase to the Slime Pits.
 22665 | Lair:6   | Reached skill level 17 in Polearms
 22879 | Lair:6   | Reached skill level 10 in Fighting
 23616 | Lair:6   | Found a large runed translucent door.
 23617 | Lair:6   | Found a large runed translucent door.
 24725 | D:11     | Found a staircase to the Orcish Mines.
 25143 | D:12     | Found a gate leading to a gauntlet.
 25554 | Orc:1    | Entered Level 1 of the Orcish Mines
 26078 | Orc:1    | Reached skill level 1 in Armour
 26651 | Orc:1    | Found a roughly hewn altar of Beogh.
 26653 | Orc:1    | Reached ***** piety under Fedhas
 26779 | Orc:2    | Entered Level 2 of the Orcish Mines
 26825 | Orc:2    | Found a staircase to the Elven Halls.
 27164 | Orc:2    | Paralysed by an orc sorcerer for 7 turns
 27995 | Orc:2    | Found Ypailiu's Antique Weapon Shop.
 28181 | Orc:2    | Found an ancient bone altar of Kikubaaqudgha.
 28183 | Orc:2    | Noticed Nergalle
 28209 | Orc:2    | Killed Nergalle
 28961 | Orc:2    | Reached skill level 18 in Polearms
 28976 | Orc:2    | Reached XP level 15. HP: 117/117 MP: 21/24
 28983 | Orc:2    | Found Reshas's Magic Scroll Shop.
 28983 | Orc:2    | Noticed Erolcha
 29002 | Orc:2    | Killed Erolcha
 29071 | Orc:2    | Found a roughly hewn altar of Beogh.
 29071 | Orc:2    | Found Roebir's Book Shop.
 29116 | Orc:2    | Found a radiant altar of Vehumet.
 29131 | Orc:2    | Found Nubrix's Antique Armour Boutique.
 29140 | Orc:2    | Bought a twisted scale mail for 153 gold pieces
 29159 | Orc:2    | Identified the +1 scale mail of the Bagpipe {rElec Regen+
                  | Int+3 Dex-2} (You bought it in a shop on level 2 of the
                  | Orcish Mines)
 29313 | Orc:2    | Bought a scroll of identify for 32 gold pieces
 29313 | Orc:2    | Bought a scroll of identify for 32 gold pieces
 29313 | Orc:2    | Bought a scroll of identify for 32 gold pieces
 29316 | Orc:2    | Bought a scroll of summoning for 152 gold pieces
 29316 | Orc:2    | Bought a scroll of enchant armour for 120 gold pieces
 29995 | D:12     | Found Yfrarchoih's Jewellery Shop.
 30007 | D:12     | Bought an uncursed ring of flight for 262 gold pieces
 30075 | D:12     | Reached skill level 10 in Throwing
 31070 | D:13     | Reached skill level 1 in Evocations
 31187 | D:13     | Found a gate to the Vaults.
 33524 | D:14     | Found Wujinigg's Food Emporium.
 34432 | D:14     | Reached skill level 1 in Shields
 34894 | D:15     | Entered Level 15 of the Dungeon
 35039 | D:15     | Found a staircase to the Depths.
 36126 | D:15     | Reached skill level 19 in Polearms
 36229 | D:15     | Found a shadowy altar of Dithmenos.
 36458 | Shoals:1 | Entered Level 1 of the Shoals
 36458 | Shoals:1 | Noticed Louise
 36512 | Shoals:1 | Killed Louise
 36854 | Shoals:1 | You fall into a shaft and drop 1 floor!
 36886 | Shoals:1 | Reached XP level 16. HP: 94/125 MP: 13/26
 38257 | Shoals:1 | Noticed Frances
 38279 | Shoals:1 | Killed Frances
 38713 | Shoals:1 | Noticed Roxanne
 38822 | Shoals:1 | Noticed a kraken
 39269 | Shoals:2 | Found Hiyf's Jewellery Boutique.
 39299 | Shoals:2 | Bought a +4 ring of slaying for 1482 gold pieces
 39470 | Shoals:2 | Found a transporter.
 39481 | Shoals:2 | Identified a scroll of acquirement
 39487 | Shoals:2 | Found a transporter.
 39490 | Shoals:2 | Noticed vurker's ghost (adept VSAs)
 39491 | Shoals:2 | Identified the +5 trident of the Hero {antimagic, +Blink
                  | Stlth+}
 39528 | Shoals:2 | Found a bloodstained altar of Trog.
 39555 | Shoals:2 | Identified the cursed +1 trident "Buustu" {antimagic, +Fly
                  | rF- Int+3 SInv}
 39623 | Shoals:2 | Killed by an exploding ballistomycete spore... set off by
                  | their pet

Illustrated notes

Levels and vault maps discovered:
D:1:      minmay_arrival_doors, layout_loops_corners, minmay_three_crescents
D:2:      layout_rooms, cheibriados_altar_1, chequers_decorated_corner,
          makhleb_altar_promises_db
D:3:      layout_basic, trog_eyes_of_draining, first_ration,
          kennysheep_generic_room_6, uniq_natasha
D:4:      layout_loops_ring, grunt_dithmenos_smoke, led_sif_pool,
          old_standard_altar, kennysheep_vampire_church,
          grunt_temple_overflow_gold_and_silver, lemuel_doored_altar,
          serial_park_tiny_pond
D:5:      layout_loops_cross, minmay_temple_entry_antechambers, serial_shops,
          shop, hangedman_decor_growths, minmay_lizard_king, uniq_sigmund
D:6:      layout_basic, serial_shops, shop, feat_on_display
D:7:      layout_rooms, ashenzari_altar_1, overflow_temple_1_default,
          grunt_ogre_cave
D:8:      layout_cave_pods, lemuel_crystal_altar, fedhas_ov_isle_minmay,
          uniq_erica, uniq_grum
D:9:      layout_small_grid, lemuel_crystal_altar, due_lair_maze_entry_diamond
D:10:     layout_basic
D:11:     layout_cave_pools, hiddenorc1_lemuel
D:12:     layout_loops_ring, serial_shops, shop, gauntlet_entry_generic,
          solitary_fountain
D:13:     layout_basic, david_vaults_1
D:14:     layout_roguey, serial_shops, shop_statue, roderic_serpentine_path
D:15:     hangedman_depths_entry_try_elsewhere_first, layout_basic,
          lemuel_statue_altar, minivault_12
Temple:   dpeg_three_leaves_temple
Lair:1:   layout_misc_corridors, minmay_holes
Lair:2:   layout_concentric_octagons, elwin_shoals_entry_stream, minivault_19,
          st_stairs_13, grunt_megastairs_4, infiniplex_staircase_pool_2
Lair:3:   layout_regular_city, spider_nest_entry_web_field
Lair:4:   layout_gridlike, grunt_forest_stairs_clearing, grunt_megastairs_1,
          serial_bayou_shore_b, uniq_josephine
Lair:5:   layout_small_grid, grunt_megastairs_2, uniq_urug
Lair:6:   cheibrodos_lair_end_hotspot, layout_big_grid,
          nicolae_slime_entry_slimehenge
Shoals:1: layout_shoals, st_shoals_ruin, uniq_roxanne, uniq_frances, uniq_louise
Shoals:2: cheibrodos_shoals_gigantism, layout_shoals,
          gammafunk_ghost_wrathful_warriors, serial_shops, shop,
          nicolae_shoals_c_island
Shoals:3: layout_shoals, minmay_shop_enchanted_jewellery,
          nicolae_shoals_water_shrine
Orc:1:    layout_diamond_mine, kennysheep_orc_chapel
Orc:2:    kennysheep_orc_mage_school, layout_diamond_mine,
          nicolae_orc_damp_corner, lightli_orcish_oven

Skill      XL: |  1  2  3  4  5  6  7  8  9 10 11 12 13 14 15 16 |
---------------+-------------------------------------------------+-----
Polearms       | 5 6 7 8 9 11 12 14 15 16 18 19 | 19.7
Dodging        | 5 6 7 9 10 11 13 14 15 16 | 16.8
Fighting       | 3 4 5 6 7 8 9 10 11 | 11.6
Throwing       | 3 4 5 6 7 8 9 10 | 10.8
Invocations    | 2 5 7 9 10 11 13 14 | 14.7
Armour         | 1 2 |  2.9
Evocations     | 3 4 |  4.1
Shields        | 2 4 |  4.7

Action                   |  1- 3 |  4- 6 |  7- 9 | 10-12 | 13-15 | 16-18 || total
-------------------------+-------+-------+-------+-------+-------+-------++-------
Melee: Trident           |    87 |   140 |   415 |   916 |   531 |       ||  2089
       Tailslap          |       |     4 |       |    17 |     5 |     7 ||    33
       Demon trident     |       |       |       |       |  1346 |   260 ||  1606
Throw: Boomerang         |    58 |    32 |    25 |    95 |   350 |   117 ||   677
       Dart              |       |       |   123 |   223 |   239 |    24 ||   609
       Throwing net      |       |       |     3 |     4 |       |       ||     7
       Javelin           |       |       |    10 |    17 |     4 |       ||    31
       Stone             |       |       |       |     4 |     1 |       ||     5
Invok: Wall of Briars    |       |       |     1 |     5 |    19 |     1 ||    26
       Grow Ballistomyce |       |       |       |     3 |    16 |     1 ||    20
       Grow Oklob        |       |       |       |       |     3 |       ||     3
       Overgrow          |       |       |       |       |       |     1 ||     1
Evoke: Tin of tremorston |       |       |       |       |     3 |       ||     3
       Wand              |       |       |       |       |     1 |       ||     1
       Phantom mirror    |       |       |       |       |     1 |       ||     1
  Use: Scroll            |       |       |     9 |     7 |    18 |     5 ||    39
       Potion            |       |       |     3 |     2 |     9 |     5 ||    19
 Stab: Sleeping          |       |       |     2 |       |     2 |       ||     4
       Distracted        |       |       |     1 |     2 |     4 |       ||     7
       Held in net/web   |       |       |       |     6 |       |       ||     6
       Confused          |       |       |       |     1 |     6 |       ||     7
  Eat: Chunk             |     2 |     5 |    14 |    24 |    50 |     5 ||   100
       Ration            |       |       |       |     2 |     5 |     1 ||     8
Armor: Ring mail         |    30 |    15 |    70 |   101 |   247 |    22 ||   485
Dodge: Dodged            |    46 |    81 |   233 |   391 |  1099 |   121 ||  1971
Block: Other             |       |       |       |       |    22 |       ||    22
       Buckler           |       |       |       |       |    31 |    60 ||    91
       Reflection        |       |       |       |       |     2 |     4 ||     6

Table legend:
 A = Non-vault XP
 B = Vault XP
 C = Vault XP percentage of total XP
 D = Non-vault monster count
 E = Vault monster count
 F = Vault count percentage of total count
                 A         B        C        D         E       F
            +---------+---------+-------+---------+---------+-------
      Total |  112147 |   45921 |  29.1 |     606 |     186 |  23.5
            +---------+---------+-------+---------+---------+-------
        D:1 |      27 |       9 |  25.0 |      17 |       6 |  26.1
        D:2 |      47 |       0 |   0.0 |      22 |       0 |   0.0
        D:3 |     133 |     296 |  69.0 |      20 |       7 |  25.9
        D:4 |     516 |     122 |  19.1 |      20 |       7 |  25.9
        D:5 |     377 |     276 |  42.3 |      16 |       8 |  33.3
        D:6 |     181 |       0 |   0.0 |       9 |       0 |   0.0
        D:7 |    1014 |     112 |   9.9 |      26 |       1 |   3.7
        D:8 |    2148 |    1605 |  42.8 |      11 |       6 |  35.3
        D:9 |    4390 |     817 |  15.7 |      31 |       8 |  20.5
       D:10 |    4990 |       0 |   0.0 |      47 |       0 |   0.0
       D:11 |    4490 |     221 |   4.7 |      37 |      17 |  31.5
       D:12 |    5248 |       0 |   0.0 |      31 |       0 |   0.0
       D:13 |    9728 |    1801 |  15.6 |      26 |       5 |  16.1
       D:14 |   11193 |       0 |   0.0 |      28 |       0 |   0.0
       D:15 |    3310 |    3314 |  50.0 |      15 |       4 |  21.1
     Lair:1 |    2576 |       0 |   0.0 |      13 |       0 |   0.0
     Lair:2 |    6020 |    2369 |  28.2 |      25 |       7 |  21.9
     Lair:3 |    6985 |     209 |   2.9 |      26 |       1 |   3.7
     Lair:4 |    4718 |    2849 |  37.7 |      21 |      11 |  34.4
     Lair:5 |    8061 |    1230 |  13.2 |      23 |       2 |   8.0
     Lair:6 |    7699 |    8347 |  52.0 |      18 |      33 |  64.7
   Shoals:1 |   12172 |   11122 |  47.7 |      26 |      11 |  29.7
   Shoals:2 |    7830 |    2134 |  21.4 |      14 |       4 |  22.2
      Orc:1 |    6193 |    1502 |  19.5 |      55 |      11 |  16.7
      Orc:2 |    2101 |    7586 |  78.3 |      29 |      37 |  56.1
            +---------+---------+-------+---------+---------+-------
